 Dungeon Crawl Stone Soup version 0.29.0-4-gdea44cf6ec (webtiles) character file.

Game seed: 10280877803443463888

23 qw the Firebug (level 2, -1/23 HPs)
             Began as a Ghoul Fire Elementalist on Aug 29, 2022.
             Slain by a goblin
             ... wielding a +0 club
              (3 damage)
             ... on level 1 of the Dungeon.
             The game lasted 00:00:50 (953 turns).

qw the Firebug (Ghoul Fire Elementalist)             Turns: 953, Time: 00:00:51

Health: -1/23      AC:  2    Str: 11    XL:     2   Next: 95%
Magic:  3/3        EV: 12    Int: 10    God:
Gold:   22         SH:  0    Dex:  9    Spells: 3/4 levels left

rFire   . . .      SeeInvis .     - Unarmed
rCold   + . .      Faith    .   (no shield)
rNeg    + + +      Spirit   .   a - +0 robe
rPois   inf        Reflect  .   (no helmet)
rElec   .          Harm     .   (no cloak)
rCorr   .          Rampage  .   (no gloves)
Will    .....                   (no boots)
Stlth   ++........              (no amulet)
HPRegen 0.00/turn               (no ring)
MPRegen 0.08/turn               (no ring)

@: inhibited regen
A: claws 1, cold resistance 1, negative energy resistance 3, inhibited
regeneration, torment resistance 2, devour on kill
a: no special abilities


You were on level 1 of the Dungeon.
You visited 1 branch of the dungeon, and saw 1 of its levels.

You collected 22 gold pieces.


Innate Abilities, Weirdness & Mutations

You are immune to poison.
You have sharp fingernails.
Your flesh is cold resistant. (rC+)
You are immune to negative energy. (rN+++)
You do not regenerate when monsters are visible.
You are immune to unholy pain and torment.
You thrive by killing the living.


   Skills:
 - Level 1.2 Fighting
 - Level 1.7 Dodging
 - Level 2.1 Stealth
 + Level 2.2 Unarmed Combat
 - Level 1.7 Spellcasting
 - Level 0.7 Conjurations
 - Level 2.4 Fire Magic


You had 3 spell levels left.
You knew the following spells:

 Your Spells              Type           Power      Damage    Failure   Level
a - Foxfire               Conj/Fire      16%        2x1d4     17%         1

Your spell library contained the following spells:

 Spells                   Type           Power      Damage    Failure   Level
 Scorch                   Fire           10%        2d6       19%         2
 Conjure Flame            Conj/Fire      4%         6-21      45%         3
 Inner Flame              Hex/Fire       3%         N/A       52%         3
 Flame Wave               Conj/Fire      4%         2d5       86%         4

Inventory:

Armour
 a - a +0 robe (worn)
 d - a +0 ring mail
Scrolls
 c - a scroll of identify {unknown}
Potions
 b - a potion of magic
 e - a potion of lignification {unknown}

Dungeon Overview and Level Annotations

Branches:
Dungeon (1/15)

Altars:


Message History

The ball python closely misses you. The ball python barely misses you.
You barely miss the ball python. The ball python barely misses you. x2
You scratch the ball python.
You kill the ball python!
A rat comes into view.
The rat completely misses you.
You scratch the rat.
You kill the rat!
A hobgoblin and a goblin come into view.
The goblin shouts!
A hobgoblin comes into view.
939 ||| Stepping ~*~*~tactically~*~*~ (stealth). 2 hobgoblins come into view.
The hobgoblin shouts! x2
941 ||| Stepping ~*~*~tactically~*~*~ (stealth).
943 ||| Stepping ~*~*~tactically~*~*~ (stealth).
You closely miss the goblin. You closely miss the goblin.
The goblin hits you with a +0 club.
You barely miss the hobgoblin. The hobgoblin barely misses you.
The goblin hits you with a +0 club.
You scratch the hobgoblin.
You kill the hobgoblin!
The goblin hits you with a +0 club.
You scratch the hobgoblin but do no damage.
The hobgoblin hits you. The goblin closely misses you.
You scratch the hobgoblin.
The hobgoblin is heavily wounded.
The hobgoblin completely misses you. The goblin hits you with a +0 club.
You closely miss the hobgoblin.
The hobgoblin is moderately wounded.
The hobgoblin barely misses you. The goblin closely misses you.
You scratch the hobgoblin but do no damage.
The hobgoblin is moderately wounded.
The hobgoblin misses you. The goblin hits you with a +0 club.
You barely miss the hobgoblin.
The hobgoblin is moderately wounded.
The hobgoblin hits you. The goblin hits you with a +0 club.
You die...

.## .... #..##
#....###
#...gg@#######
##...#g......#
#.8.##......#
#.... ##.....#
#.g.g #.....#
#..... #.....#
#..8.8 #.....#
... #...g.
#.....# ...
#.....#


You could see 2 hobgoblins and a goblin.

Vanquished Creatures
  A dart slug (D:1)
  2 endoplasms (D:1)
  4 giant cockroaches (D:1)
  2 goblins (D:1)
  2 hobgoblins (D:1)
  A kobold (D:1)
  2 ball pythons (D:1)
  3 bats (D:1)
  2 rats (D:1)
19 creatures vanquished.

Notes
Turn   | Place    | Note
-------+----------+-------------------------------------------
     0 | D:1      | qw the Ghoul Fire Elementalist began the quest for the Orb.
     0 | D:1      | Reached XP level 1. HP: 14/14 MP: 2/2
     0 | D:1      | 0 ||| qw: Version: 0.1-a-90-g952f4b7
     0 | D:1      | 0 ||| qw: Game counter: 4123
     0 | D:1      | 0 ||| qw: Always use a shield: true
     0 | D:1      | 0 ||| qw: God list: Okawaru
     0 | D:1      | 0 ||| qw: Allow faded altars: false
     0 | D:1      | 0 ||| qw: Do Orc after D:15 true
     0 | D:1      | 0 ||| qw: Do second Lair branch before Depths: true
     0 | D:1      | 0 ||| qw: Lair rune preference: random
     0 | D:1      | 0 ||| qw: Plans: Normal
     0 | D:1      | 0 ||| PLANNING D:1-11
    45 | D:1      | 45 ||| Stepping ~*~*~tactically~*~*~ (outnumbered).
    46 | D:1      | 46 ||| Stepping ~*~*~tactically~*~*~ (outnumbered).
    47 | D:1      | 47 ||| Stepping ~*~*~tactically~*~*~ (outnumbered).
    48 | D:1      | 48 ||| Stepping ~*~*~tactically~*~*~ (outnumbered).
    55 | D:1      | Reached skill level 1 in Unarmed Combat
   309 | D:1      | Reached skill level 1 in Fighting
   309 | D:1      | Reached XP level 2. HP: 21/23 MP: 3/3
   567 | D:1      | 567 ||| Stepping ~*~*~tactically~*~*~ (hiding).
   669 | D:1      | 669 ||| Stepping ~*~*~tactically~*~*~ (hiding).
   939 | D:1      | 939 ||| Stepping ~*~*~tactically~*~*~ (stealth).
   941 | D:1      | 941 ||| Stepping ~*~*~tactically~*~*~ (stealth).
   943 | D:1      | 943 ||| Stepping ~*~*~tactically~*~*~ (stealth).
   953 | D:1      | HP: 2/23 [hobgoblin (4)]
   953 | D:1      | Slain by a goblin

Levels and vault maps discovered:
D:1:      amcnicky_arrival_choice, layout_basic,
          hellmonk_ecumenical_altar_prayer_group, minmay_misc_feat_four_crosses,
          minmay_cut_off

Skill      XL: |  1  2 |
---------------+-------+-----
Unarmed Combat | 1 2 |  2.2
Fighting       | 1 |  1.2
Dodging        | |  1.7
Stealth        | |  2.1
Spellcasting   | |  1.7
Conjurations   | |  0.7
Fire Magic     | |  2.4

Action                   || total
-------------------------++-------
Melee: Unarmed           ||    70
 Stab: Sleeping          ||     1
Armor: Robe              ||    14
Dodge: Dodged            ||    35

Table legend:
 A = Non-vault XP
 B = Vault XP
 C = Vault XP percentage of total XP
 D = Non-vault monster count
 E = Vault monster count
 F = Vault count percentage of total count
                 A         B        C        D         E       F
            +---------+---------+-------+---------+---------+-------
      Total |      29 |       4 |  12.1 |      17 |       2 |  10.5
            +---------+---------+-------+---------+---------+-------
        D:1 |      29 |       4 |  12.1 |      17 |       2 |  10.5
            +---------+---------+-------+---------+---------+-------
